| TOP OF THE 1ST |
|
Cincinnati Reds batting - Pitching for St. Louis Cardinals : LHP John Fisher
|
|
Pitching: LHP John Fisher
|
|
|
Batting: RHB Willie Lazcano
|
0-0: Foul Ball, location: 2F 0-1: Ball 1-1: Ball 2-1: Foul Ball, location: 2F 2-2: Ball 3-2: Base on Balls
|
|
Batting: SHB Jun Tsuda
|
0-0: Ball 1-0: Called Strike 1-1: Ball 2-1: Ball 3-1: Foul Ball, location: 2F 3-2: Base on Balls Willie Lazcano to second
|
|
Batting: RHB Tony Casas
|
0-0: Foul Ball, location: 2F 0-1: Swinging Strike 0-2: Ball 1-2: Strikes out swinging
|
|
Batting: SHB Dave Barefoot
|
0-0: Swinging Strike 0-1: Swinging Strike 0-2: Strikes out swinging
|
|
Batting: RHB Fred Slade
|
0-0: Foul Ball, location: 2F 0-1: Ball 1-1: Ball 2-1: Called Strike 2-2: SINGLE (Flyball, 56D, EV 88.1 MPH) Willie Lazcano to third Jun Tsuda to second Runner from 3rd tries for Home, SAFE, throw by LF to home
|
|
Batting: RHB Steve Castleberry
|
0-0: Ground out 4-3 (Groundball, 4, EV 78.1 MPH)
|
| Top of the 1st over - 1 run, 1 hit, 0 errors, 2 left on base; Cincinnati 1 - St. Louis 0 |
| BOTTOM OF THE 1ST |
|
St. Louis Cardinals batting - Pitching for Cincinnati Reds : RHP Matt Flink
|
|
Pitching: RHP Matt Flink
|
|
|
Batting: RHB Mike Bates
|
0-0: Foul Ball, location: 2F 0-1: Ground out 3-1 (Groundball, 34, EV 104.4 MPH)
|
|
Batting: LHB Pat Sutton
|
0-0: Ball 1-0: Foul Ball, location: 2F 1-1: Ball 2-1: Fly out, F4 (Flyball, 34D, EV 83.8 MPH)
|
|
Batting: SHB Harry Hoop
|
0-0: Fly out, F7 (Flyball, 7, EV 85.0 MPH)
|
| Bottom of the 1st over - 0 runs, 0 hits, 0 errors, 0 left on base; Cincinnati 1 - St. Louis 0 |
| TOP OF THE 2ND |
|
Cincinnati Reds batting - Pitching for St. Louis Cardinals : LHP John Fisher
|
|
Batting: RHB Bruno André
|
0-0: Ball 1-0: Ground out 4-3 (Groundball, 4, EV 85.0 MPH)
|
|
Batting: RHB Omar Quintana
|
0-0: Ball 1-0: Ball 2-0: Swinging Strike 2-1: Foul Ball, location: 2F 2-2: Foul Ball, location: 2F 2-2: Strikes out swinging
|
|
Batting: RHB Joseph Kirchmann
|
0-0: Called Strike 0-1: Foul Ball, location: 2F 0-2: Foul Ball, location: 2F 0-2: Strikes out looking
|
| Top of the 2nd over - 0 runs, 0 hits, 0 errors, 0 left on base; Cincinnati 1 - St. Louis 0 |
| BOTTOM OF THE 2ND |
|
St. Louis Cardinals batting - Pitching for Cincinnati Reds : RHP Matt Flink
|
|
Batting: RHB Melvin Enriquez
|
0-0: Ground out 6-3 (Groundball, 6M, EV 85.6 MPH)
|
|
Batting: LHB Ichiro Toyota
|
0-0: Ball 1-0: Ground out 5-3 (Groundball, 56, EV 86.9 MPH)
|
|
Batting: SHB Chris Blue
|
0-0: Called Strike 0-1: Called Strike 0-2: Fly out, F9 (Flyball, 89M, EV 88.1 MPH)
|
| Bottom of the 2nd over - 0 runs, 0 hits, 0 errors, 0 left on base; Cincinnati 1 - St. Louis 0 |
| TOP OF THE 3RD |
|
Cincinnati Reds batting - Pitching for St. Louis Cardinals : LHP John Fisher
|
|
Batting: RHB Willie Lazcano
|
0-0: Ball 1-0: Ball 2-0: Fly out, F9 (Flyball, 89M, EV 80.0 MPH)
|
|
Batting: SHB Jun Tsuda
|
0-0: Ball 1-0: Ground out 6-3 (Groundball, 6, EV 90.0 MPH)
|
|
Batting: RHB Tony Casas
|
0-0: Ball 1-0: Ball 2-0: Ball 3-0: Base on Balls
|
|
Batting: SHB Dave Barefoot
|
0-0: Called Strike 0-1: Ball 1-1: Ball 2-1: SINGLE (Groundball, 25, EV 75.6 MPH) (infield hit) Tony Casas to second
|
|
Batting: RHB Fred Slade
|
0-0: Called Strike 0-1: Swinging Strike 0-2: Ball 1-2: Ball 2-2: Fielders Choice at 2nd, 6-4 (Groundball, 6, EV 102.5 MPH)
|
| Top of the 3rd over - 0 runs, 1 hit, 0 errors, 2 left on base; Cincinnati 1 - St. Louis 0 |
| BOTTOM OF THE 3RD |
|
St. Louis Cardinals batting - Pitching for Cincinnati Reds : RHP Matt Flink
|
|
Batting: LHB Armando Carbajal
|
0-0: Called Strike 0-1: Ball 1-1: Ball 2-1: Called Strike 2-2: Ball 3-2: Fly out, F7 (Flyball, 78M, EV 90.0 MPH)
|
|
Batting: RHB Klaas Meij
|
0-0: Ball 1-0: Called Strike 1-1: Ball 2-1: Swinging Strike 2-2: Ball 3-2: Base on Balls
|
|
Batting: RHB Danny Gallo
|
0-0: Ball 1-0: Ball 2-0: SINGLE (Line Drive, 3D, EV 98.1 MPH) Klaas Meij to second Runner from 2nd tries for 3rd, SAFE, throw by RF made to third
|
|
Batting: RHB Mike Bates
|
0-0: Ball 1-0: Fly out, F9 (Flyball, 9, EV 91.9 MPH) Runner from 3rd tags up, SCORES, no throw by RF
|
|
Batting: LHB Pat Sutton
|
0-0: Ball 1-0: Ball 2-0: Ball 3-0: Called Strike 3-1: Foul Ball, location: 2F 3-2: Base on Balls Danny Gallo to second
|
|
Batting: SHB Harry Hoop
|
0-0: Swinging Strike 0-1: Ball 1-1: Ball 2-1: Swinging Strike 2-2: Ball 3-2: Base on Balls Danny Gallo to third Pat Sutton to second
|
|
Batting: RHB Melvin Enriquez
|
0-0: Ball 1-0: Ball 2-0: Ball 3-0: Base on Balls Danny Gallo scores Pat Sutton to third Harry Hoop to second
|
|
Batting: LHB Ichiro Toyota
|
0-0: Called Strike 0-1: Ball 1-1: Ball 2-1: SINGLE (Flyball, 7S, EV 92.5 MPH) Pat Sutton scores Harry Hoop to third Melvin Enriquez to second Runner from 3rd tries for Home, SAFE, throw by LF to home
|
|
Batting: SHB Chris Blue
|
0-0: Foul Ball, location: 2F 0-1: Called Strike 0-2: Strikes out looking
|
| Bottom of the 3rd over - 4 runs, 2 hits, 0 errors, 2 left on base; Cincinnati 1 - St. Louis 4 |
| TOP OF THE 4TH |
|
Cincinnati Reds batting - Pitching for St. Louis Cardinals : LHP John Fisher
|
|
Batting: RHB Steve Castleberry
|
0-0: Swinging Strike 0-1: Called Strike 0-2: Strikes out swinging
|
|
Batting: RHB Bruno André
|
0-0: Called Strike 0-1: Ball 1-1: Foul Ball, location: 2F 1-2: Foul Ball, location: 2F 1-2: Ball 2-2: Foul Ball, location: 2F 2-2: Foul Ball, location: 2F 2-2: Ball 3-2: Ground out 6-3 (Groundball, 6S, EV 66.2 MPH)
|
|
Batting: RHB Omar Quintana
|
0-0: Called Strike 0-1: Called Strike 0-2: SINGLE (Groundball, 56D, EV 104.4 MPH)
|
|
Batting: RHB Joseph Kirchmann
|
0-0: Called Strike 0-1: Ball 1-1: Foul Ball, location: 2F 1-2: Foul Ball, location: 2F 1-2: Ball 2-2: Ball 3-2: Base on Balls Omar Quintana to second
|
|
Batting: RHB Willie Lazcano
|
0-0: Ball 1-0: SINGLE (Line Drive, 9S, EV 89.4 MPH) Omar Quintana to third Joseph Kirchmann to second Runner from 3rd tries for Home, SAFE, throw by RF to home
|
|
Batting: SHB Jun Tsuda
|
0-0: Ball 1-0: Ball 2-0: Called Strike 2-1: Foul Ball, location: 2F 2-2: Foul Ball, location: 2F 2-2: 3-RUN HOME RUN (Flyball, 89XD, EV 109.4 MPH), Distance : 432 ft
|
|
Batting: RHB Tony Casas
|
0-0: Ball 1-0: Ball 2-0: SINGLE (Flyball, 3D, EV 95.0 MPH)
|
|
Batting: SHB Dave Barefoot
|
0-0: Fielders Choice at 2nd, 6-4 (Groundball, 6, EV 100.6 MPH)
|
| Top of the 4th over - 4 runs, 4 hits, 0 errors, 1 left on base; Cincinnati 5 - St. Louis 4 |
| BOTTOM OF THE 4TH |
|
St. Louis Cardinals batting - Pitching for Cincinnati Reds : RHP Matt Flink
|
|
Batting: LHB Armando Carbajal
|
0-0: Ball 1-0: Called Strike 1-1: Ball 2-1: Foul Ball, location: 2F 2-2: Ball 3-2: Base on Balls
|
|
Batting: RHB Klaas Meij
|
0-0: Grounds into double play, 4-6-3 (Groundball, 4, EV 107.5 MPH)
|
|
Batting: RHB Danny Gallo
|
0-0: Called Strike 0-1: Fly out, F8 (Flyball, 8LD, EV 106.2 MPH)
|
| Bottom of the 4th over - 0 runs, 0 hits, 0 errors, 0 left on base; Cincinnati 5 - St. Louis 4 |
| TOP OF THE 5TH |
|
Cincinnati Reds batting - Pitching for St. Louis Cardinals : LHP John Fisher
|
|
Batting: RHB Fred Slade
|
0-0: Ball 1-0: Foul Ball, location: 2F 1-1: Ball 2-1: Fly out, F4 (Flyball, 34D, EV 92.5 MPH)
|
|
Batting: RHB Steve Castleberry
|
0-0: Called Strike 0-1: Ball 1-1: Foul Ball, location: 2F 1-2: Ball 2-2: Foul Ball, location: 2F 2-2: Strikes out swinging
|
|
Batting: RHB Bruno André
|
0-0: Called Strike 0-1: Called Strike 0-2: Foul Ball, location: 2F 0-2: Foul Ball, location: 2F 0-2: Ground out U3 (Groundball, 23, EV 79.4 MPH)
|
| Top of the 5th over - 0 runs, 0 hits, 0 errors, 0 left on base; Cincinnati 5 - St. Louis 4 |
| BOTTOM OF THE 5TH |
|
St. Louis Cardinals batting - Pitching for Cincinnati Reds : RHP Matt Flink
|
|
Batting: RHB Mike Bates
|
0-0: Ball 1-0: Called Strike 1-1: Ball 2-1: SOLO HOME RUN (Flyball, 7D, EV 98.1 MPH), Distance : 383 ft
|
|
Batting: LHB Pat Sutton
|
0-0: Called Strike 0-1: Swinging Strike 0-2: Foul Ball, location: 2F 0-2: Strikes out looking
|
|
Batting: SHB Harry Hoop
|
0-0: Ball 1-0: Ball 2-0: Foul Ball, location: 2F 2-1: Fly out, F9 (Flyball, 9LSF, EV 86.9 MPH)
|
|
Batting: RHB Melvin Enriquez
|
0-0: Ball 1-0: Ball 2-0: Swinging Strike 2-1: Swinging Strike 2-2: Ground out 2-3 (Groundball, 2L, EV 68.8 MPH)
|
| Bottom of the 5th over - 1 run, 1 hit, 0 errors, 0 left on base; Cincinnati 5 - St. Louis 5 |
| TOP OF THE 6TH |
|
Cincinnati Reds batting - Pitching for St. Louis Cardinals : LHP John Fisher
|
|
Pitching: RHP David Murphy
|
|
|
Batting: RHB Omar Quintana
|
0-0: Called Strike 0-1: Foul Ball, location: 2F 0-2: Strikes out looking
|
|
Batting: RHB Joseph Kirchmann
|
0-0: Ball 1-0: Ball 2-0: Ball 3-0: Called Strike 3-1: Called Strike 3-2: Fly out, F3 (Popup, 34, EV 69.4 MPH)
|
|
Batting: RHB Willie Lazcano
|
0-0: Swinging Strike 0-1: Ball 1-1: Foul Ball, location: 2F 1-2: Strikes out looking
|
| Top of the 6th over - 0 runs, 0 hits, 0 errors, 0 left on base; Cincinnati 5 - St. Louis 5 |
| BOTTOM OF THE 6TH |
|
St. Louis Cardinals batting - Pitching for Cincinnati Reds : RHP Matt Flink
|
|
Batting: LHB Ichiro Toyota
|
0-0: Ball 1-0: Ball 2-0: Ball 3-0: Called Strike 3-1: Base on Balls
|
|
Batting: SHB Chris Blue
|
0-0: Ball 1-0: Called Strike 1-1: Ball 2-1: Grounds into double play, 6-4-3 (Groundball, 6, EV 86.2 MPH)
|
|
Batting: LHB Armando Carbajal
|
0-0: Fly out, F8 (Flyball, 8LM, EV 87.5 MPH)
|
| Bottom of the 6th over - 0 runs, 0 hits, 0 errors, 0 left on base; Cincinnati 5 - St. Louis 5 |
| TOP OF THE 7TH |
|
Cincinnati Reds batting - Pitching for St. Louis Cardinals : RHP David Murphy
|
|
Batting: SHB Jun Tsuda
|
0-0: Ball 1-0: SOLO HOME RUN (Flyball, 8RXD, EV 115.6 MPH), Distance : 423 ft
|
|
Batting: RHB Tony Casas
|
0-0: Ground out 4-3 (Groundball, 13, EV 88.1 MPH)
|
|
Batting: SHB Dave Barefoot
|
0-0: Ground out U3 (Groundball, 3, EV 85.0 MPH)
|
|
Batting: RHB Fred Slade
|
0-0: Foul Ball, location: 2F 0-1: Ball 1-1: Ball 2-1: Foul Ball, location: 2F 2-2: Ground out 5-3 (Groundball, 5, EV 83.8 MPH)
|
| Top of the 7th over - 1 run, 1 hit, 0 errors, 0 left on base; Cincinnati 6 - St. Louis 5 |
| BOTTOM OF THE 7TH |
|
St. Louis Cardinals batting - Pitching for Cincinnati Reds : RHP Matt Flink
|
|
Pitching: RHP Jay Rapini
|
|
|
Batting: RHB Klaas Meij
|
0-0: Called Strike 0-1: Fly out, F8 (Line Drive, 8RD, EV 101.2 MPH)
|
|
Batting: RHB Danny Gallo
|
0-0: Ground out 4-3 (Groundball, 4, EV 82.5 MPH)
|
|
Batting: RHB Mike Bates
|
0-0: Ball 1-0: Ball 2-0: Foul Ball, location: 2F 2-1: Ground out 5-3 (Groundball, 5, EV 100.6 MPH)
|
| Bottom of the 7th over - 0 runs, 0 hits, 0 errors, 0 left on base; Cincinnati 6 - St. Louis 5 |
| TOP OF THE 8TH |
|
Cincinnati Reds batting - Pitching for St. Louis Cardinals : RHP David Murphy
|
|
Batting: RHB Steve Castleberry
|
0-0: Ground out 3-1 (Groundball, 34, EV 81.9 MPH)
|
|
Batting: RHB Bruno André
|
0-0: SINGLE (Groundball, 6MD, EV 101.9 MPH)
|
|
Batting: RHB Omar Quintana
|
0-0: Ball 1-0: Called Strike 1-1: Foul Ball, location: 2F 1-2: Ball 2-2: Ball 3-2: Base on Balls Bruno André to second
|
|
Batting: RHB Joseph Kirchmann
|
0-0: Called Strike 0-1: Ball 1-1: Ball 2-1: Called Strike 2-2: Grounds into double play, 4-6-3 (Groundball, 34, EV 85.0 MPH)
|
| Top of the 8th over - 0 runs, 1 hit, 0 errors, 1 left on base; Cincinnati 6 - St. Louis 5 |
| BOTTOM OF THE 8TH |
|
St. Louis Cardinals batting - Pitching for Cincinnati Reds : RHP Jay Rapini
|
|
Batting: LHB Pat Sutton
|
0-0: Ball 1-0: Called Strike 1-1: Foul Ball, location: 2F 1-2: SINGLE (Line Drive, 34D, EV 94.4 MPH)
|
|
Batting: SHB Harry Hoop
|
0-0: Fly out, F8 (Flyball, 8RM, EV 85.0 MPH)
|
|
Batting: RHB Melvin Enriquez
|
0-0: Called Strike 0-1: Foul Ball, location: 2F 0-2: Foul Ball, location: 2F 0-2: Foul Ball, location: 2F 0-2: Ball 1-2: Ball 2-2: Grounds into double play, 6-4-3 (Groundball, 6D, EV 86.9 MPH)
|
| Bottom of the 8th over - 0 runs, 1 hit, 0 errors, 0 left on base; Cincinnati 6 - St. Louis 5 |
| TOP OF THE 9TH |
|
Cincinnati Reds batting - Pitching for St. Louis Cardinals : RHP David Murphy
|
|
Pitching: LHP Danny Rivera
|
|
|
Batting: RHB Willie Lazcano
|
0-0: Ball 1-0: Fly out, F9 (Line Drive, 9D, EV 90.6 MPH)
|
|
Batting: SHB Jun Tsuda
|
0-0: Called Strike 0-1: Ball 1-1: Ball 2-1: Foul Ball, location: 2F 2-2: Ball 3-2: Base on Balls
|
|
Batting: RHB Tony Casas
|
0-0: Foul Ball, location: 2F 0-1: Ball 1-1: Swinging Strike 1-2: DOUBLE (Groundball, 5L, EV 94.4 MPH) Jun Tsuda to third
|
|
Batting: SHB Dave Barefoot
|
0-0: Intentional Walk
|
|
Batting: RHB Fred Slade
|
0-0: Called Strike 0-1: Swinging Strike 0-2: Ball 1-2: Foul Ball, location: 2F 1-2: Foul Ball, location: 2F 1-2: Ball 2-2: Ball 3-2: Fly out, F7 (Flyball, 7D, EV 86.9 MPH) Runner from 3rd tags up, SCORES, no throw by LF Tony Casas to third
|
|
Batting: RHB Steve Castleberry
|
0-0: Ball 1-0: Ball 2-0: SINGLE (Groundball, 56S, EV 71.2 MPH) (infield hit) Tony Casas scores Dave Barefoot to second
|
|
Batting: RHB Bruno André
|
0-0: Ball 1-0: Called Strike 1-1: Called Strike 1-2: Strikes out looking
|
| Top of the 9th over - 2 runs, 2 hits, 0 errors, 2 left on base; Cincinnati 8 - St. Louis 5 |
| BOTTOM OF THE 9TH |
|
St. Louis Cardinals batting - Pitching for Cincinnati Reds : RHP Jay Rapini
|
|
Pitching: RHP Ryan Terlizzi
|
|
|
Batting: LHB Ichiro Toyota
|
0-0: Ball 1-0: Called Strike 1-1: Fly out, F9 (Line Drive, 89S, EV 109.4 MPH)
|
|
Batting: SHB Chris Blue
|
0-0: SINGLE (Groundball, 34D, EV 97.5 MPH)
|
|
Batting: LHB Armando Carbajal
|
0-0: Ball 1-0: Foul Ball, location: 2F 1-1: Ball 2-1: Foul Ball, location: 2F 2-2: Strikes out swinging
|
|
Batting: RHB Klaas Meij
|
0-0: Called Strike 0-1: Foul Ball, location: 2F 0-2: Ball 1-2: Ground out 4-3 (Groundball, 34, EV 80.0 MPH)
|
| Bottom of the 9th over - 0 runs, 1 hit, 0 errors, 1 left on base; Cincinnati 8 - St. Louis 5 |
|